 Dungeon Crawl Stone Soup version 0.29.1-1-gd02db6906a (webtiles) character file.

Game seed: 15099962871544984052

2139 Homeless the Grappler (level 9, -9/96 HPs)
             Began as a Troll Berserker on Oct 17, 2022.
             Was a Priest of Trog.
             Shot with an arrow by a centaur (12 damage)
             ... on level 6 of the Dungeon.
             The game lasted 00:14:15 (7062 turns).

Homeless the Grappler (Troll Berserker)             Turns: 7062, Time: 00:14:16

Health: -9/96      AC:  4    Str: 31    XL:     9   Next: 9%
Magic:  8/8        EV: 10    Int:  3    God:    Trog [***...]
Gold:   180        SH:  0    Dex:  9    Spells: 8/8 levels left

rFire   . . .      SeeInvis .     - Unarmed
rCold   . . .      Faith    .   (no shield)
rNeg    . . .      Spirit   .   a - +0 animal skin
rPois   .          Reflect  .   (helmet restricted)
rElec   .          Harm     .   (no cloak)
rCorr   .          Rampage  .   (gloves unavailable)
Will    +....                   (boots unavailable)
Stlth   +.........              (no amulet)
HPRegen 1.06/turn               h - ring of willpower
MPRegen 0.11/turn               r - ring of flight

@: on berserk cooldown, flying, slowed, very slow
A: large, unfitting armour, claws 3, regeneration 1, shaggy fur 1, tough skin 1
a: Renounce Religion, Berserk, Trog's Hand


You were on level 6 of the Dungeon.
You worshipped Trog.
Trog was most pleased with you.
You visited 1 branch of the dungeon, and saw 6 of its levels.

You collected 180 gold pieces.

Inventory:

Missiles
 i - 6 boomerangs
 n - 6 curare-tipped darts
 q - a throwing net (quivered)
Armour
 a - a +0 animal skin (worn)
Jewellery
 h - a ring of willpower (left claw)
 j - a +6 ring of intelligence
 r - a ring of flight (right claw)
Wands
 p - a wand of iceblast (11)
 t - a wand of paralysis (9)
Scrolls
 c - 3 scrolls of identify
 d - 3 scrolls of noise
 e - a scroll of blinking
 g - a scroll of magic mapping
 k - 2 scrolls of teleportation
 l - 2 scrolls of fog
 m - a scroll of enchant weapon
 o - a scroll of brand weapon
Potions
 b - 3 potions of lignification
 f - 2 potions of curing
 s - a potion of magic
 u - a potion of mutation {unknown}


   Skills:
 * Level 7.9 Fighting
 - Level 2.5 Dodging
 - Level 8.6 Unarmed Combat


You had 8 spell levels left.
You didn't know any spells.
Your spell library was empty.

Dungeon Overview and Level Annotations

Branches:
Dungeon (6/15)             Temple (0/1) D:5

Altars:

Shops:
D:2 ?


Innate Abilities, Weirdness & Mutations

You are too large for most types of armour.
You have claws for hands.
Your natural rate of healing is unusually fast.
You are covered in fur. (AC +1)
You have tough skin. (AC +1)


Message History

A centaur is nearby!
Throw: 6 boomerangs
Press: ? - help, Q - select action, (/) - cycle Shift-Dir - straight line, f - centaur
Aim: a centaur, wielding the +3 dagger of Disintegration {flame, +Blink rElec rF- rC+} and quivering stones (wandering, hasn't noticed you, 69% to hit)
You throw a boomerang.
The boomerang barely misses the centaur.
The centaur shouts!
The centaur unwields the +3 dagger of Disintegration {flame, +Blink rElec rF- rC+}.
It stops flaming.
The centaur wields a +0 shortbow.
The centaur shoots an arrow.
The arrow hits you!
The centaur shoots an arrow.
The arrow hits you.
The centaur shoots an arrow.
The arrow hits you!
* * * LOW HITPOINT WARNING * * *
The centaur shoots an arrow.
The arrow hits you.
* * * LOW HITPOINT WARNING * * *
Things that are here:
a +0 shortbow; a centaur corpse
Okay, then.
What are your orders? t - Shout!
Orders for allies: a - Attack new target. p - Attack previous target. r - Retreat! s - Stop attacking. g - Guard the area. f - Follow me.
Anything else - Cancel.
Okay, then.
Throw: 2 throwing nets
Press: ? - help, Q - select action, (/) - cycle Shift-Dir - straight line, f/p - centaur
Aim: a centaur, wielding a +0 shortbow and quivering stones (69% to hit)
You throw a throwing net. The throwing net hits the centaur.
The centaur is caught in the net!
The centaur struggles against the net. x2
The centaur struggles against the net.
The net rips apart, and the centaur comes free!
The centaur shoots an arrow.
The arrow hits you!
* * * LOW HITPOINT WARNING * * *
The centaur shoots an arrow.
The arrow hits you!
* * * LOW HITPOINT WARNING * * *
You see here a +0 giant club.
The centaur shoots an arrow.
The arrow hits you!
You die...

..................
..................
.##....##...########
.###+####...##.....####.
.# #...##.......... ...
#...'........... ....
#...#........... ..
#...#........... . .
#...##..@#######'#
#...##..)####....#
..........).......
#..........).......
#..................
..................
..................
#........c........
.................


You could see a centaur.

Vanquished Creatures
  Prince Ribbit (D:5)
  Sigmund (D:3)
  A wyvern (D:5)
  Eustachio (D:5)
  Menkaure (D:5)
  Edmund (D:6)
  A black bear (D:6)
  2 ogres
  2 centaurs (D:6)
  2 phantoms
  2 kobold brigands (D:3)
  A scorpion (D:6)
  A howler monkey (D:4)
  2 orc priests (D:3)
  2 hounds (D:4)
  4 iguanas
  3 orc wizards
  Robin (D:2)
  2 adders
  A worm (D:2)
  2 dart slugs
  16 orcs
  3 endoplasms
  3 giant cockroaches (D:1)
  8 hobgoblins
  5 jackals
  13 kobolds
  5 quokkas
  7 ball pythons
  4 bats
  16 frilled lizards
  15 goblins
  6 rats
135 creatures vanquished.

Vanquished Creatures (others)
  6 plants (D:1)
  4 toadstools (D:1)
10 creatures vanquished.

Grand Total: 145 creatures vanquished

Notes
Turn   | Place    | Note
-------+----------+-------------------------------------------
     0 | D:1      | Homeless the Troll Berserker began the quest for the Orb.
     0 | D:1      | Reached XP level 1. HP: 22/22 MP: 0/0
    95 | D:1      | Reached XP level 2. HP: 29/29 MP: 1/1
   185 | D:1      | Found a faded altar of an unknown god.
   378 | D:1      | Reached ** piety under Trog
   390 | D:1      | Reached XP level 3. HP: 36/36 MP: 2/2
   537 | D:1      | Reached skill level 4 in Unarmed Combat
  1973 | D:2      | Noticed Robin
  2015 | D:2      | Killed Robin
  2030 | D:2      | Reached XP level 4. HP: 27/44 MP: 3/3
  2505 | D:2      | Found Vohivyge's Magic Scroll Boutique.
  2856 | D:3      | Reached skill level 5 in Unarmed Combat
  3224 | D:3      | Noticed a kobold brigand
  3226 | D:3      | Noticed a kobold brigand
  3400 | D:3      | Reached XP level 5. HP: 45/50 MP: 4/4
  3403 | D:3      | Reached skill level 6 in Unarmed Combat
  3558 | D:3      | Reached *** piety under Trog
  3604 | D:3      | Reached XP level 6. HP: 59/59 MP: 5/5
  3682 | D:3      | Reached skill level 7 in Unarmed Combat
  3886 | D:3      | Noticed Sigmund
  3903 | D:3      | Killed Sigmund
  3904 | D:3      | Reached XP level 7. HP: 49/66 MP: 6/6
  4038 | D:4      | Reached skill level 8 in Unarmed Combat
  4750 | D:5      | Entered Level 5 of the Dungeon
  5022 | D:5      | Noticed Eustachio
  5040 | D:5      | Killed Eustachio
  5232 | D:5      | Noticed a wyvern
  5253 | D:5      | Killed a wyvern
  5254 | D:5      | Reached XP level 8. HP: 79/79 MP: 7/7
  5399 | D:5      | Found a staircase to the Ecumenical Temple.
  5401 | D:5      | Noticed Prince Ribbit
  5411 | D:5      | Killed Prince Ribbit
  5412 | D:5      | Reached skill level 5 in Fighting
  5857 | D:5      | Noticed Menkaure
  5862 | D:5      | Killed Menkaure
  7030 | D:6      | Noticed Edmund
  7045 | D:6      | Killed Edmund
  7046 | D:6      | Reached XP level 9. HP: 41/94 MP: 8/8
  7056 | D:6      | Identified the +3 dagger of Disintegration {flame, +Blink
                  | rElec rF- rC+}
  7061 | D:6      | HP: 2/96 [centaur/arrow (8)]
  7062 | D:6      | Shot with an arrow by a centaur

Illustrated notes

Levels and vault maps discovered:
D:1:      ldierk_water_garden, layout_rooms, ebering_ecumenical_altar_abandoned,
          minmay_lizard_king
D:2:      layout_rooms, serial_shops, shop_scrolls, minmay_split_cup_small,
          uniq_robin
D:3:      cheibrodos_thug_alley, layout_rooms, hangedman_decor_slide_cut,
          uniq_sigmund
D:4:      layout_cave_pods
D:5:      layout_basic, minmay_temple_entry_statues, uniq_prince_ribbit1,
          uniq_menkaure, uniq_eustachio
D:6:      layout_gridville, grunt_decor_junction, minivault_27, uniq_edmund

Skill      XL: |  1  2  3  4  5  6  7  8 |
---------------+-------------------------+-----
Unarmed Combat | 4 5 6 7 8 |  8.6
Fighting       | 4 7 |  7.9
Dodging        | |  2.5

Action                   |  1- 3 |  4- 6 |  7- 9 || total
-------------------------+-------+-------+-------++-------
Melee: Unarmed           |   148 |    92 |   120 ||   360
       Punch             |     1 |     2 |     6 ||     9
Throw: Throwing net      |     1 |     1 |     1 ||     3
       Boomerang         |       |     3 |     5 ||     8
Invok: Berserk           |     1 |     2 |     5 ||     8
Evoke: Wand              |       |       |     1 ||     1
  Use: Scroll            |     3 |     5 |     2 ||    10
       Potion            |     1 |     2 |     3 ||     6
 Stab: Held in net/web   |       |     1 |       ||     1
       Paralysed         |       |       |     3 ||     3
Armor: Animal skin       |    58 |    23 |    38 ||   119
Dodge: Dodged            |    79 |    57 |    65 ||   201
